[Event "*** Titled Tuesday Blitz"]
[Site "Chess.com"]
[Date "2020.02.04"]
[Round "5"]
[White "MishkaFighter"]
[Black "GianmarcoVaR"]
[Result "0-1"]
[WhiteElo "2439"]
[BlackElo "2626"]
[TimeControl "180+2"]
[EndTime "14:05:43 PST"]
[Termination "GianmarcoVaR won by checkmate"]

1. Nf3 Nf6 2. c4 d6 3. d4 Nbd7 4. Nc3 e5 5. e4 Be7 6. Be2 O-O 7.
O-O Re8 8. d5 Nc5 9. Qc2 a5 10.
Be3 Bf8 11. a3 Ng4 12. Bg5 Be7 13. Bxe7 Qxe7 14. b4 Na6 15. Rab1 Bd7 16. Nd2 Qg5 17. c5 axb4 18. axb4 dxc5 19. Bxa6 Rxa6 20. bxc5 Nxh2 21. c6 Bh3 22. g3 Qxd2 23. Qc1 Nf3+ 24. Kh1 bxc6 25.
Rb2 Qxc1 26. Rxc1 c5 27. g4 Rh6 28. g5 Rh5 29. Rcb1 Bf1# 0-1

[Event "*** Titled Tuesday Blitz"]
[Site "Chess.com"]
[Date "2020.02.04"]
[Round "5"]
[White "Indianlad"]
[Black "Tayson_7"]
[Result "1-0"]
[WhiteElo "2942"]
[BlackElo "2682"]
[TimeControl "180+2"]
[EndTime "14:05:45 PST"]
[Termination "Indianlad won by resignation"]

1. c4 Nf6 2. Nc3 c5 3. Nf3 Nc6 4. g3 g6 5. Bg2 Bg7 6. d4 cxd4 7. Nxd4 O-O 8. c5 d5 9. cxd6 Nxd4 10. Qxd4 Ne8 11.
Qb4 Qxd6 12. Qh4 Nf6 13. O-O Bg4 14. h3 Be6 15. Bxb7 Rad8 16. Be3 Qb8 17. Bf3 Qxb2 18. Rac1 Rc8 19. Na4 Qxa2 20. Nc5 Bd5 21. Ra1 Qc2 22.
Rfc1 Qf5 23. g4 Qe5 24. Nd3 Rxc1+ 25. Rxc1 Qd6 26. Bf4 Qd8 27. Bxd5 Nxd5 28. Bh6 a5 29. Bxg7 Kxg7 30. Qg5 e6 31. Qd2 Qb6 32. e4 Nb4 33. Qc3+ Kg8 34. Rb1 Rb8 35. Ne5 Rd8 36. g5 Qd4 37.
Qxd4 Rxd4 38. f3 a4 39. Ra1 Na6 40. Nc6 Rc4 41. Ne5 Rd4 42. Kf2 Nc5 43. Ke3 Rd8 44. Rc1 Nb3 45. Rc7 a3 46. Ra7 Nd4 47. Nxf7 Nc2+ 48.
Kf2 Rd2+ 49. Kg3 Kf8 50. Ne5 Ke8 51. Nc4 Rd3 52. Kf4 Rc3 53. Nd6+ Kd8 54. Ke5 Rc5+ 55. Kxe6 Nd4+ 56. Kf6 Rc7 57. Rxa3 Kd7 58. e5 Kc6 59. Rc3+ 1-0

[Event "*** Titled Tuesday Blitz"]
[Site "Chess.com"]
[Date "2020.02.04"]
[Round "5"]
[White "Justmig"]
[Black "Raspadsistema"]
[Result "1-0"]
[WhiteElo "2666"]
[BlackElo "2790"]
[TimeControl "180+2"]
[EndTime "14:05:45 PST"]
[Termination "Justmig won by resignation"]

1. d4 d6 2. e4 Nf6 3. Nc3 e5 4.
Nf3 Nbd7 5. Bc4 Be7 6. a4 O-O 7. O-O c6 8. Re1 h6 9. Ba2 Re8 10. h3 a5 11. Be3 exd4 12. Qxd4 Nf8 13. Rad1 Be6 14. Bxe6 Nxe6 15. Qd3 Nd7 16. Nd2 Ne5 17. Qf1 f6 18. f4 Nf7 19. Nc4 Ra6 20. Qf2 Qb8 21.
Bb6 Bd8 22. Bxd8 Rxd8 23. Rd2 Qc7 24. Red1 Raa8 25. g3 Nf8 26. Qb6 Qc8 27. Kh2 Ra6 28. Qe3 Qc7 29. Qf3 Qe7 30. Ne3 g6 31. h4 h5 32. b3 Ne6 33. f5 Ne5 34. Qe2 Ng7 35. Rf1 Re8 36. fxg6 Nxg6 37. Ned5 cxd5 38. Nxd5 Qe5 39.
Nxf6+ Kh8 40. Rd5 Qe6 41. Rxh5+ 1-0

[Event "*** Titled Tuesday Blitz"]
[Site "Chess.com"]
[Date "2020.02.04"]
[Round "5"]
[White "joshdaruca"]
[Black "hanzo_hasashi1"]
[Result "1/2-1/2"]
[WhiteElo "2705"]
[BlackElo "2902"]
[TimeControl "180+2"]
[EndTime "14:05:48 PST"]
[Termination "Game drawn by repetition"]

1. e4 c5 2. Nf3 d6 3. d4 cxd4 4.
Nxd4 Nf6 5. Nc3 a6 6. Bg5 e6 7. f4 h6 8. Bh4 Qb6 9. Qd3 Qxb2 10. Rb1 Qa3 11. Be2 Be7 12. O-O Nbd7 13. Bf2 Qa5 14. Rfd1 O-O 15. Qc4 Nc5 16. Bf3 Qc7 17.
a4 Rb8 18. f5 e5 19. Nb3 b6 20. Nxc5 dxc5 21. Bh4 Bb7 22. Bxf6 Bxf6 23. Nd5 Bxd5 24. Rxd5 Qb7 25. Be2 Rfd8 26. Qxa6 Qxa6 27. Bxa6 Rxd5 28.
exd5 Kf8 29. a5 Bd8 30. Bc4 b5 31. Rxb5 Rxb5 32. Bxb5 Bxa5 33. Kf2 Ke7 34. Kf3 Kd6 35. c4 Bd2 36. Ke4 f6 37. Kf3 Ba5 38. Ba4 Bd8 39. Kg4 Bc7 40. Bc2 Ke7 41. Be4 Bd6 42. h3 Kf7 43.
Kf3 Ke8 44. Ke3 Kd7 45. Kd3 Kc7 46. Kc3 Kb6 47. Kb3 Ka5 48. Ka3 Bc7 49. g4 Bd6 50. h4 Be7 51. h5 Bd6 52. Kb3 Bc7 53. Ka3 Bd6 54. Kb3 Bf8 55. Ka3 Bd6 1/2-1/2

[Event "*** Titled Tuesday Blitz"]
[Site "Chess.com"]
[Date "2020.02.04"]
[Round "5"]
[White "cottage_cheese"]
[Black "heyiampotato"]
[Result "0-1"]
[WhiteElo "2257"]
[BlackElo "2455"]
[TimeControl "180+2"]
[EndTime "14:05:48 PST"]
[Termination "heyiampotato won by resignation"]

1. e4 c5 2. Nf3 d6 3. d4 cxd4 4.
Nxd4 Nf6 5. Nc3 a6 6. h3 e5 7. Nde2 h5 8. g3 Be6 9. Bg2 Be7 10. O-O Nbd7 11. b3 Rc8 12. Bb2 b5 13. Kh2 Qc7 14. Rc1 Nb6 15. Nd5 Nbxd5 16. exd5 Bf5 17. c4 Qa5 18. f4 Qxa2 19. fxe5 dxe5 20. Bxe5 Bg4 21. Bxf6 Bxe2 22. Qe1 Bxf6 23. Rf2 O-O 24. Rxe2 Qxb3 25. c5 h4 26. gxh4 Qa4 27. Re4 Qa3 28. Qe3 Qb2 29. Rf4 Be5 30. Qf3 Qxc1 0-1

[Event "*** Titled Tuesday Blitz"]
[Site "Chess.com"]
[Date "2020.02.04"]
[Round "5"]
[White "Chigorinetz"]
[Black "Hadza_3"]
[Result "1-0"]
[WhiteElo "2568"]
[BlackElo "2403"]
[TimeControl "180+2"]
[EndTime "14:05:50 PST"]
[Termination "Chigorinetz won by resignation"]

1. e4 e5 2. Bc4 Nf6 3. d3 c6 4.
Nf3 d6 5. Nc3 Be7 6. a4 O-O 7.
h3 h6 8. Ba2 Nh7 9. Ne2 Ng5 10.
Ng3 Nxf3+ 11. Qxf3 Bg5 12. Be3 Na6 13. c3 Nc7 14. Nf5 Bxf5 15. Qxf5 Bxe3 16. fxe3 Qh4+ 17. Ke2 Rae8 18. Raf1 Ne6 19. g3 Qg5 20. h4 Qxf5 21.
exf5 Nc5 22. a5 d5 23. f6 gxf6 24. Rxf6 Re6 25. Rf5 Rg6 26. Rg1 Nd7 27. e4 dxe4 28. dxe4 Kg7 29. b4 Nf6 30. Kf3 Rd8 31. Bb1 Rd2 32.
g4 Rb2 33. Rxe5 Nxg4 34. Rxg4 Rxg4 35. Kxg4 Rxb1 36. Re7 b6 37. a6 Rb3 38. Rxa7 Rxc3 39.
Rb7 b5 40. a7 Ra3 41. Kf5 Ra4 42.
e5 c5 43. bxc5 b4 44. c6 b3 45. c7 b2 46. Rxb2 1-0

[Event "*** Titled Tuesday Blitz"]
[Site "Chess.com"]
[Date "2020.02.04"]
[Round "5"]
[White "Everyfishknows"]
[Black "Kislov_Oleg"]
[Result "0-1"]
[WhiteElo "2323"]
[BlackElo "2491"]
[TimeControl "180+2"]
[EndTime "14:05:50 PST"]
[Termination "Kislov_Oleg won by resignation"]

1. Nf3 d5 2. c4 e6 3. b3 Nf6 4. g3 Be7 5. Bg2 O-O 6. O-O c5 7. e3 Nc6 8. Bb2 d4 9. exd4 cxd4 10. Re1 Bc5 11. d3 Qc7 12. Na3 a6 13. Nc2 e5 14.
b4 Nxb4 15. Nxb4 Bxb4 16. Rxe5 Bg4 17. Re2 Rfd8 18. h3 Bh5 19. Bxd4 Bxf3 20. Bxf6 Bxe2 21. Bxd8 Qe5 22. Bc7 Qe7 23. Qc2 Bxd3 24. Qxd3 Qxc7 25. Rd1 Bc5 26. Bd5 Re8 27. Kg2 b6 28. Rd2 a5 29. a4 g6 30. Re2 Qd7 31. Rxe8+ Qxe8 32. Qe4 Qxa4 33. Bc6 Qa1 34. Qe8+ Kg7 35. Bd5 Qf6 36. Qe2 a4 37. Be4 a3 38. Bf3 Qd4 39.
Kh1 h5 40. h4 Qxf2 41. Qe5+ Kh7 0-1

[Event "*** Titled Tuesday Blitz"]
[Site "Chess.com"]
[Date "2020.02.04"]
[Round "5"]
[White "vova-79"]
[Black "Galiev_Azat"]
[Result "1-0"]
[WhiteElo "2461"]
[BlackElo "2268"]
[TimeControl "180+2"]
[EndTime "14:05:52 PST"]
[Termination "vova-79 won on time"]

1. d4 Nf6 2. c4 e6 3. Nc3 Bb4 4. e3 b6 5. Ne2 Bb7 6. a3 Bxc3+ 7. Nxc3 O-O 8. Bd3 c5 9. O-O cxd4 10. exd4 d5 11.
cxd5 Nxd5 12. Qh5 Nf6 13. Qh4 Nc6 14. Be3 Ne7 15. Rad1 Rc8 16. Bg5 Ng6 17. Qg3 a6 18. Bb1 b5 19. h4 Qc7 20. Qe3 Qc6 21. f3 Nd5 22. Nxd5 Qxd5 23. h5 Nh8 24. h6 Ng6 25. hxg7 Rfe8 26. Bf6 Qh5 27. Kf2 Bd5 28. Rh1 Qf5 29.
Bxf5 exf5 30. Qh6 Rc2+ 31. Kg1 1-0

[Event "*** Titled Tuesday Blitz"]
[Site "Chess.com"]
[Date "2020.02.04"]
[Round "5"]
[White "Orest_Vovk"]
[Black "Eloist"]
[Result "1-0"]
[WhiteElo "2388"]
[BlackElo "2240"]
[TimeControl "180+2"]
[EndTime "14:05:52 PST"]
[Termination "Orest_Vovk won by checkmate"]

1. g4 d5 2. Bg2 c6 3. h3 e5 4. d4 Bd6 5. c4 Ne7 6. Nc3 Be6 7. dxe5 Bxe5 8. cxd5 Nxd5 9. Nxd5 Bxd5 10. Bxd5 cxd5 11.
Qa4+ Nc6 12. Nf3 Bc7 13. Bf4 Ba5+ 14. Kf1 O-O 15. Rd1 Re8 16. e3 Qd7 17. Qb3 Rad8 18. Kg2 Bb6 19. Rd3 Qe6 20. Rhd1 Ne7 21. Qa4 Ng6 22.
Bg3 Qe4 23. b3 Qxa4 24. bxa4 Re4 25. a5 Bxa5 26. Rxd5 Rxd5 27. Rxd5 Ra4 28. Rd7 h6 29. Rxb7 Bb6 30. h4 Rxa2 31. h5 Nf8 32. Rb8 Bxe3 33.
Bd6 Rxf2+ 34. Kg3 Kh7 35. Bxf8 Rc2 36. Rb7 Kg8 37. Bd6 Bf2+ 38. Kh3 Rc3 39. Kg2 Bb6 40. Ne5 Rc2+ 41. Kf3 Rf2+ 42. Ke4 Re2+ 43. Kd5 Rd2+ 44. Kc6 Rf2 45. Rb8+ Kh7 46. Nd7 g6 47. Be5 Rc2+ 48. Kb7 gxh5 49. gxh5 Re2 50. Rh8# 1-0

[Event "*** Titled Tuesday Blitz"]
[Site "Chess.com"]
[Date "2020.02.04"]
[Round "5"]
[White "chessdjw"]
[Black "Terao90"]
[Result "1/2-1/2"]
[WhiteElo "2583"]
[BlackElo "2427"]
[TimeControl "180+2"]
[EndTime "14:05:57 PST"]
[Termination "Game drawn by agreement"]

1. c4 c5 2. Nf3 Nf6 3. Nc3 Nc6 4. e3 d5 5. cxd5 Nxd5 6. Bb5 Nxc3 7. bxc3 Bd7 8. O-O e6 9. d4 a6 10. Bd3 Be7 11. e4 cxd4 12. cxd4 O-O 13. a3 Bf6 14. Be3 Rc8 15. e5 Be7 16. Qb1 h6 17. Qxb7 Rb8 18.
Qxa6 Ra8 19. Qc4 Rxa3 20. Rxa3 Bxa3 21. Bb1 Nb4 22. Nd2 Bc6 23. Qb3 Qd5 24. Qxd5 Bxd5 25.
Ne4 Rc8 26. Nc5 Nc6 27. Bd3 Bxc5 28. dxc5 Nxe5 29. Be2 Bc4 30. Re1 Bxe2 31. Rxe2 Nc4 32. Bd4 e5 33. Bxe5 Rxc5 34. Bg3 Rd5 35. h3 Rd2 36.
Re8+ Kh7 37. Re7 f6 38. Kh2 Rd1 39. Rc7 Nd2 40. h4 Nf1+ 41. Kh3 Nxg3 42. Kxg3 h5 43. f3 Rd5 44. Rc6 Kg6 45. Ra6 Re5 46. Ra4 Rd5 47. Rb4 Re5 48. Rc4 Rd5 49. Re4 Rf5 50.
Rd4 Re5 51. Kh3 1/2-1/2

[Event "*** Titled Tuesday Blitz"]
[Site "Chess.com"]
[Date "2020.02.04"]
[Round "5"]
[White "GMHess"]
[Black "kosya4ok"]
[Result "0-1"]
[WhiteElo "2740"]
[BlackElo "2629"]
[TimeControl "180+2"]
[EndTime "14:06:02 PST"]
[Termination "kosya4ok won by resignation"]

1. d4 Nf6 2. c4 e6 3. Nc3 Bb4 4. Qc2 d5 5. a3 Bxc3+ 6. Qxc3 c5 7. dxc5 d4 8. Qg3 O-O 9. Bh6 Nh5 10. Qg4 Nc6 11. Qxh5 gxh6 12. Qxh6 e5 13. Nf3 e4 14.
Qg5+ Qxg5 15. Nxg5 Bf5 16. g4 Bg6 17. h4 f6 18. Ne6 e3 19. Nxf8 Kxf8 20. fxe3 dxe3 21. O-O-O Na5 22. b4 Nxc4 23. Rd7 a5 24. b5 Rc8 25. c6 bxc6 26. h5 Be4 27. b6 Bxh1 28. b7 Rb8 29.
Rxh7 Kg8 30. Rc7 Nd6 31. Rd7 Nxb7 32. Re7 Nd6 33. Rxe3 Bd5 34. Bh3 Nc4 35. Rc3 Re8 36.
g5 fxg5 37. Bg4 Rf8 38. e4 Rf1+ 0-1

[Event "*** Titled Tuesday Blitz"]
[Site "Chess.com"]
[Date "2020.02.04"]
[Round "5"]
[White "francyIM"]
[Black "Andro2"]
[Result "0-1"]
[WhiteElo "2587"]
[BlackElo "2447"]
[TimeControl "180+2"]
[EndTime "14:06:02 PST"]
[Termination "Andro2 won by resignation"]

1. d4 Nf6 2. c4 c5 3. Nf3 cxd4 4. Nxd4 d6 5. g3 Bd7 6. Bg2 Nc6 7. O-O g6 8. Nc3 Bg7 9. Nc2 O-O 10. b3 Rc8 11. Bb2 a6 12. Nd5 Nxd5 13. Bxg7 Kxg7 14. cxd5 Ne5 15. Nd4 Qb6 16. Qd2 Rc5 17. Rac1 Rfc8 18. Rxc5 Qxc5 19. h3 Qc3 20. Qxc3 Rxc3 21. f4 Rxg3 22. Kh2 Re3 23. Rf2 Nd3 24. exd3 Rxd3 25. Nc2 a5 26. Ne1 Rd1 27. Nc2 a4 28. bxa4 Bxa4 29.
Ne3 Rd3 30. Nc4 Bb5 31. Nb6 Rc3 32. Rb2 Ba6 33. Kg1 Rc1+ 34. Kf2 Rc7 35. Bf1 Bxf1 36. Kxf1 Kf6 37. Ke2 Kf5 38. Kd3 f6 39. Nc4 Kxf4 40.
Kd4 Kg3 41. a4 Kxh3 42. Ne3 f5 43. Rb3 Kh4 44. Rb1 h5 45. Rg1 f4 46. Nf1 g5 47.
Nd2 g4 48. Ne4 g3 49. Kd3 Kg4 50. Nf2+ Kf5 51. Nh3 Rc5 52. Rf1 Rxd5+ 53. Kc4 Rc5+ 54. Kd3 e5 55. Rh1 Kg4 56. Ng1 Rc1 0-1

[Event "*** Titled Tuesday Blitz"]
[Site "Chess.com"]
[Date "2020.02.04"]
[Round "5"]
[White "kingofthenil"]
[Black "Valk4"]
[Result "1-0"]
[WhiteElo "2484"]
[BlackElo "2276"]
[TimeControl "180+2"]
[EndTime "14:06:08 PST"]
[Termination "kingofthenil won by resignation"]

1. d4 Nf6 2. c4 e6 3. Nc3 Bb4 4. a3 Bxc3+ 5. bxc3 O-O 6. f3 b6 7. e4 d5 8. cxd5 exd5 9. e5 Nfd7 10. Bd3 f6 11.
exf6 Nxf6 12. Ne2 Ba6 13. Bxa6 Nxa6 14. O-O Qd7 15. Qd3 Nb8 16. Bf4 Nc6 17. g4 Rae8 18. Ng3 Ne7 19. h3 Ng6 20. Bd2 Qd6 21. Nf5 Qd8 22.
a4 Ne7 23. Ne3 Ng6 24. Nf5 Ne7 25. Ng3 Qd6 26. f4 Ng6 27. f5 Ne4 28. Nh5 Ne7 29. Bf4 Qc6 30. Be5 Rf7 31. Nf4 Qxc3 32. Qxc3 Nxc3 33. Rfc1 Ne4 34. Rxc7 Nc8 35. Rac1 Rxc7 36. Rxc7 Rd8 37. Rxg7+ 1-0

[Event "*** Titled Tuesday Blitz"]
[Site "Chess.com"]
[Date "2020.02.04"]
[Round "5"]
[White "andrzej"]
[Black "secretsuperstar7"]
[Result "1-0"]
[WhiteElo "2345"]
[BlackElo "2216"]
[TimeControl "180+2"]
[EndTime "14:06:10 PST"]
[Termination "andrzej won by resignation"]

1. d4 Nf6 2. c4 e6 3. Nf3 d5 4. g3 dxc4 5. Bg2 c5 6. O-O Nc6 7. dxc5 Qxd1 8. Rxd1 Bxc5 9. Nbd2 c3 10. bxc3 O-O 11. Nb3 Bb6 12. c4 e5 13. Bb2 Be6 14. Nxe5 Nxe5 15. Bxe5 Bxf2+ 16. Kxf2 Ng4+ 17. Kg1 Nxe5 18. Bxb7 Rab8 19. Bd5 Nxc4 20. Bxe6 fxe6 21. Rd7 Rf7 22.
Rad1 Ne3 23. Rxf7 Kxf7 24. Rd7+ Kg6 25. Rxa7 Rf8 26. h4 Rf1+ 27. Kh2 Ng4+ 28. Kg2 Rf2+ 29. Kg1 Rxe2 30. Nd4 Re4 31. Nf3 Re3 32. Kg2 Re2+ 33. Kg1 Re3 34. Kg2 e5 35. a4 Re2+ 36. Kg1 e4 37. Ra6+ Kf7 38. Ng5+ Ke7 39. Re6+ Kd7 40. Rxe4 Rxe4 41. Nxe4 Kc6 42. Kg2 Kb6 43. Kf3 Ne5+ 44. Kf4 Nd3+ 45. Kf5 Ka5 46. Ng5 h6 47. Ne6 g5 48. h5 Kxa4 49. Nxg5 hxg5 50. Kxg5 Ne5 51. h6 Nf7+ 52. Kg6 Nxh6 53. Kxh6 Kb5 54. g4 Kc6 55. g5 Kd7 56. g6 Ke6 57. g7 Kf7 58. Kh7 1-0

[Event "*** Titled Tuesday Blitz"]
[Site "Chess.com"]
[Date "2020.02.04"]
[Round "5"]
[White "Shtembuliak"]
[Black "arminmusovic"]
[Result "1-0"]
[WhiteElo "2798"]
[BlackElo "2526"]
[TimeControl "180+2"]
[EndTime "14:06:12 PST"]
[Termination "Shtembuliak won by checkmate"]

1. d4 d5 2. c4 c5 3. cxd5 Qxd5 4. Nf3 cxd4 5. Nc3 Qa5 6. Nxd4 Nf6 7. g3 e5 8. Nb3 Qc7 9. Bg2 Bb4 10. O-O Bxc3 11. bxc3 O-O 12. Bg5 Nbd7 13. Qc2 h6 14. Be3 Ng4 15. Bc1 Nb6 16. Na5 Nd5 17. Bxd5 Qxa5 18.
Bg2 Rb8 19. c4 Be6 20. Rb1 Rfc8 21. Rxb7 Rxb7 22. Bxb7 Rxc4 23. Qd3 Qxa2 24. Bg2 Rd4 25. Qb5 Qa4 26. Qb8+ Kh7 27. h3 Rb4 28. Qd6 Rd4 29.
Qb8 Rb4 30. Qd6 Rd4 31. Qe7 Nf6 32. Bb2 Rd7 33. Qc5 Qc4 34. Qxe5 Rd2 35. e3 Kh8 36.
Bd4 Qc8 37. Rb1 Qd7 38. Rb8+ Kh7 39. Be4+ Nxe4 40. Rh8+ Kg6 41. Qxg7+ Kh5 42. Rxh6# 1-0

[Event "*** Titled Tuesday Blitz"]
[Site "Chess.com"]
[Date "2020.02.04"]
[Round "5"]
[White "zurzan"]
[Black "DonBroca"]
[Result "1/2-1/2"]
[WhiteElo "1951"]
[BlackElo "2157"]
[TimeControl "180+2"]
[EndTime "14:06:14 PST"]
[Termination "Game drawn by stalemate"]

1. f4 c5 2. Nf3 g6 3. g3 Bg7 4. Bg2 Nf6 5. O-O O-O 6. d3 d5 7.
c3 Nc6 8. Qe1 b6 9. e4 dxe4 10.
dxe4 Bb7 11. e5 Nd5 12. Nbd2 Qc7 13. Nc4 Rad8 14. Ne3 Ba6 15. Nxd5 Rxd5 16. Rf2 Rfd8 17. Rd2 Rxd2 18. Bxd2 Na5 19. b3 Bb7 20. Be3 e6 21. Rd1 Nc6 22. Rxd8+ Qxd8 23. Qd2 Qxd2 24. Nxd2 Nd8 25.
Bxb7 Nxb7 26. Ne4 Kf8 27. Kf1 Ke7 28. Ke2 h6 29. h4 f5 30. exf6+ Bxf6 31. Nxf6 Kxf6 32.
g4 h5 33. gxh5 gxh5 34. a4 Kf5 35. Kf3 Nd6 36. b4 cxb4 37. cxb4 Ne4 38. a5 bxa5 39.
bxa5 a6 40. Bb6 Nd6 41. Bd8 Nf7 42. Bg5 e5 43. fxe5 Nxg5+ 44. hxg5 Kxe5 45. Kg3 Kf5 46. Kh4 Kg6 47. Kg3 Kxg5 48. Kh3 Kf5 49. Kh4 Ke5 50. Kxh5 Kd5 51. Kg4 Kc5 52. Kf3 Kb5 53. Ke2 Kxa5 54. Kd1 Kb4 55. Kc1 Kb3 56. Kb1 a5 57. Ka1 a4 58.
Kb1 a3 59. Ka1 a2 1/2-1/2

[Event "*** Titled Tuesday Blitz"]
[Site "Chess.com"]
[Date "2020.02.04"]
[Round "5"]
[White "enriquetejedor"]
[Black "EugeneRougon"]
[Result "1-0"]
[WhiteElo "2505"]
[BlackElo "2712"]
[TimeControl "180+2"]
[EndTime "14:06:15 PST"]
[Termination "enriquetejedor won by resignation"]

1. d4 d5 2. c4 c6 3. Nf3 Nf6 4. Nc3 e6 5. Bg5 Nbd7 6. e3 Qa5 7. Nd2 Bb4 8. Rc1 c5 9. a3 Bxc3 10. bxc3 cxd4 11. cxd4 Ne4 12. Bf4 O-O 13. Bd3 Qxa3 14. Nxe4 dxe4 15. Bxe4 Nf6 16. Bf3 Bd7 17. O-O Bc6 18.
d5 exd5 19. cxd5 Bd7 20. e4 h6 21. e5 Nh7 22. Qd4 Rfc8 23. h4 Nf8 24. Rb1 b6 25. e6 fxe6 26. dxe6 Bc6 27. Bd6 Qa5 28. e7 Ne6 29. Qc4 Bd7 30. Qb3 Kh7 31. Be4+ Kh8 32.
Bxa8 Rxa8 33. Rfe1 Nd4 34. Qf7 Qa4 35. Qf8+ Kh7 36.
Qxa8 Bc6 37. e8=Q Nf3+ 38. gxf3 Bxe8 39. Qxe8 Qxh4 40. Qe4+ Qxe4 41. fxe4 1-0

[Event "*** Titled Tuesday Blitz"]
[Site "Chess.com"]
[Date "2020.02.04"]
[Round "5"]
[White "Zq1"]
[Black "iturrizaga"]
[Result "0-1"]
[WhiteElo "2545"]
[BlackElo "2856"]
[TimeControl "180+2"]
[EndTime "14:06:18 PST"]
[Termination "iturrizaga won by resignation"]

1. d4 Nf6 2. c4 e6 3. Nc3 Bb4 4. e3 O-O 5. Bd3 d5 6. cxd5 Qxd5 7. Nf3 Bxc3+ 8. bxc3 b6 9. c4 Qh5 10. Ne5 Qxd1+ 11.
Kxd1 Bb7 12. f3 Nbd7 13. Nxd7 Nxd7 14. a4 Rfd8 15. a5 Ne5 16. Ke2 Nxd3 17. Kxd3 e5 18. Bb2 exd4 19. exd4 Rab8 20. axb6 axb6 21. Rhe1 Rd7 22.
Kc2 f6 23. Ra7 Kf7 24. d5 b5 25. cxb5 Bxd5 26. Ra5 Bc4 27. Ba3 Bxb5 28. Re3 Bc4 29. Rc5 Bd5 30. Ra5 c6 31. Bc5 Rbb7 32.
Ra8 h5 33. h4 Kg6 34. Rae8 Rb5 35. Bf8 Bf7 36. R8e7 Rc5+ 37. Kb2 Rd2+ 38. Ka3 Rxg2 39. Rxf7 Ra5+ 40. Kb4 Rb5+ 41. Kc4 Kxf7 42. Bd6 Rc2+ 43. Kd3 Rb3+ 0-1

[Event "*** Titled Tuesday Blitz"]
[Site "Chess.com"]
[Date "2020.02.04"]
[Round "5"]
[White "DiamondCrusher22"]
[Black "Alexander_Moskalenko"]
[Result "0-1"]
[WhiteElo "2011"]
[BlackElo "2815"]
[TimeControl "180+2"]
[EndTime "14:06:19 PST"]
[Termination "Alexander_Moskalenko won by resignation"]

1. e4 c5 2. Nf3 d6 3. c3 Nf6 4. Be2 Nbd7 5. d3 b6 6. O-O Bb7 7. Re1 g6 8. Bf1 Bg7 9. Nbd2 O-O 10. Qc2 a6 11. a4 e5 12. Nc4 Qc7 13. Bg5 Rfe8 14. Rad1 h6 15. Bh4 b5 16. Na3 Bc6 17. axb5 axb5 18. c4 b4 19. Nb1 Ba4 20. b3 Bc6 21.
Nbd2 Nh7 22. h3 h5 23. Ng5 Nhf8 24. Ra1 Bh6 25. Ngf3 Ne6 26. Be2 Ra5 27. Nf1 Rea8 28. Qb2 Nd4 29. Nxd4 cxd4 30. Rxa5 Qxa5 31. g4 hxg4 32.
hxg4 Nc5 33. g5 Bg7 34. Nd2 Qa2 35. Rb1 Bf8 36. Kf1 Be7 37. Ke1 Qxb2 38. Rxb2 Ra1+ 39.
Nb1 Ne6 40. Kd2 Bxg5+ 41. Bxg5 Nxg5 42. Kc2 Ne6 43. Nd2 Kg7 44. Rb1 Ra2+ 45. Rb2 Ra8 46. Kb1 Nc5 47. Ra2 Rxa2 48. Kxa2 Bd7 49. Kb2 f5 50. f3 Kh6 51. Kc2 Kg5 52. Kd1 Kf4 53. Ke1 Kg3 54. Nf1+ Kg2 55. Nd2 Be6 56. Bf1+ Kg3 57.
Be2 fxe4 58. fxe4 Bh3 59. Kd1 Bg2 60. Ke1 g5 61. Bf1 Bxf1 62. Nxf1+ Kf3 63. Kd2 g4 64.
Nh2+ Kg3 65. Nf1+ Kg2 66. Ke2 Nxd3 67. Ng3 Nf4+ 68. Kd2 Kxg3 0-1

[Event "*** Titled Tuesday Blitz"]
[Site "Chess.com"]
[Date "2020.02.04"]
[Round "5"]
[White "ChessBitl"]
[Black "AndrewDGreen"]
[Result "0-1"]
[WhiteElo "2360"]
[BlackElo "2230"]
[TimeControl "180+2"]
[EndTime "14:06:20 PST"]
[Termination "AndrewDGreen won by resignation"]

1. e4 c5 2. Nf3 g6 3. d4 cxd4 4.
Qxd4 Nf6 5. e5 Nc6 6. Qa4 Nd5 7. Qe4 Nb6 8. Nc3 Bg7 9. Bf4 d5 10. O-O-O dxe4 11. Rxd8+ Nxd8 12. Nxe4 O-O 13. h4 Bf5 14. Ng3 Ne6 15. Be3 Bg4 16. h5 Bxf3 17. gxf3 Bxe5 18.
f4 Bxf4 19. Bg2 Bxe3+ 20. fxe3 Nc4 21. Bxb7 Rab8 22. Bd5 Nxe3 23. Bb3 Nd4 24. hxg6 Nxb3+ 25. axb3 hxg6 26. Ne4 Kg7 27. Re1 Nd5 28. Nc5 Rfc8 29. Nd7 Rb7 30. Ne5 f6 31. Nc4 Kf7 32. Rd1 Nb6 33.
Ne3 Rd7 34. Rh1 Kg7 35. Rg1 Rc5 36. b4 Re5 37. Rg3 Nd5 38. Nc4 Re4 39. b3 Nxb4 40.
Kb2 Nd5 41. Rd3 Nb6 42. Rc3 Nxc4+ 43. bxc4 Rc7 44. Kb3 g5 45. Kb4 g4 46. Kb5 Rexc4 47. Rg3 Kg6 48. Ka6 f5 49. Rg1 Rxc2 50. Re1 Kf6 51. Rh1 Rb2 52. Rh8 Rc1 0-1

[Event "*** Titled Tuesday Blitz"]
[Site "Chess.com"]
[Date "2020.02.04"]
[Round "5"]
[White "Konavets"]
[Black "Zkid"]
[Result "1-0"]
[WhiteElo "3017"]
[BlackElo "2834"]
[TimeControl "180+2"]
[EndTime "14:06:23 PST"]
[Termination "Konavets won by resignation"]

1. Nf3 Nf6 2. c4 c6 3. e3 d5 4.
Nc3 e6 5. b3 Nbd7 6. Bb2 Bd6 7.
g4 Nxg4 8. Rg1 Nge5 9. Rxg7 Qf6 10. Rg3 Qh6 11. Rh3 Qf8 12. Nxe5 Bxe5 13. d4 Bd6 14. a3 a6 15. e4 dxc4 16. e5 Bc7 17. Bxc4 b5 18.
Be2 Bb7 19. b4 Nb6 20. Ne4 Na4 21. Nf6+ Kd8 22. Qc2 Kc8 23. Bf3 Nxb2 24. Qxb2 Bd8 25. Rc1 Bxf6 26. exf6 Kd7 27. Rg3 Qh6 28. Qc3 Rac8 29.
Qc5 Qxf6 30. Qb6 Rc7 31. Bg2 Qf4 32. Rcc3 Qd6 33. Be4 Ke7 34. Rge3 Qxh2 35. d5 Rd8 36. Rg3 Rcd7 37. Qc5+ Rd6 38. dxc6 Qh4 39. Rce3 Kf6 40. Qc3+ Ke7 41. cxb7 Rd1+ 42. Ke2 R8d2+ 43. Qxd2 Rxd2+ 44. Kxd2 Qf4 45. Ke2 Qe5 46. Kf1 f5 47. Rg8 Qa1+ 48. Kg2 1-0

[Event "*** Titled Tuesday Blitz"]
[Site "Chess.com"]
[Date "2020.02.04"]
[Round "5"]
[White "FredddieCroderg"]
[Black "Arathorn2"]
[Result "0-1"]
[WhiteElo "2092"]
[BlackElo "2247"]
[TimeControl "180+2"]
[EndTime "14:06:25 PST"]
[Termination "Arathorn2 won by resignation"]

1. d4 Nf6 2. c4 g6 3. Nc3 Bg7 4. e4 d6 5. h3 O-O 6. Nf3 e5 7. d5 Nh5 8. Be2 f5 9. exf5 gxf5 10. g4 Nf4 11. Bxf4 exf4 12. g5 Na6 13. h4 Nc5 14. Qc2 Re8 15. O-O-O Ne4 16. Bd3 Qe7 17. Rde1 Bxc3 18.
bxc3 Bd7 19. h5 Qf7 20. g6 Qf6 21. Nd4 h6 22. Rhg1 c5 23. dxc6 bxc6 24. Ne2 Nxf2 25. Ref1 Qh4 26. Rg2 Nxd3+ 27. Qxd3 Qxh5 28. Nxf4 Qh4 29. Rff2 Qh1+ 30. Kc2 Qa1 31. Kb3 Rab8+ 32. Ka3 Qc1+ 33.
Rb2 Qxf4 34. c5 Rxb2 35. Kxb2 d5 36. Ka3 Qc4 37. Qc2 Qxc5+ 38. Kb2 Rb8+ 39. Kc1 Qe3+ 40. Kd1 f4 41. c4 Qf3+ 42. Ke1 Re8+ 43. Re2 0-1

[Event "*** Titled Tuesday Blitz"]
[Site "Chess.com"]
[Date "2020.02.04"]
[Round "5"]
[White "Siemba"]
[Black "wolfje95"]
[Result "0-1"]
[WhiteElo "2198"]
[BlackElo "2377"]
[TimeControl "180+2"]
[EndTime "14:06:28 PST"]
[Termination "wolfje95 won by resignation"]

1. e4 e5 2. Qh5 Nc6 3. Bc4 g6 4. Qf3 Qf6 5. d3 Bg7 6. Nc3 Qxf3 7. Nxf3 Nge7 8. Be3 a6 9. a4 d6 10. Nd5 Nxd5 11.
Bxd5 Ne7 12. Bb3 h6 13. c3 O-O 14. h3 Kh7 15. g4 Be6 16. Bc2 d5 17. Bc5 Rfe8 18. a5 Rad8 19. O-O Nc6 20. b4 d4 21. cxd4 Nxd4 22. Nxd4 exd4 23. Ba4 Bd7 24. Bb3 Be6 25.
Ba4 Rg8 26. f4 f5 27. gxf5 gxf5 28. Kh1 fxe4 29. dxe4 d3 30. Rad1 Bxh3 31. Rg1 h5 32. Rg3 Bg4 33. Rdxd3 Rde8 34. e5 Bh6 35. Bxe8 Rxe8 36.
Rd4 Kg6 37. Kg2 Kf5 38. Rd7 Bxf4 39. Rf7+ Kxe5 40. Rd3 Be6 41. Rxc7 Rg8+ 42. Kf2 Ke4 43. Rd4+ Kf5 44. Rh7 Kg5 45. Re4 Bf5 46. Rd4 Bxh7 47. Rd5+ Bf5 48. Be3 Bxe3+ 49. Kxe3 h4 50. Kf3 h3 51. Kg3 Kf6+ 0-1